 Dungeon Crawl Stone Soup version 0.20.0-7-g3b7b877 (webtiles) character file.

53 GeneralBison the Insei (level 3, -4/29 HPs)
             Began as a Demonspawn Monk on May 27, 2017.
             Slain by an orc
             ... wielding a +0 morningstar
              (8 damage)
             ... on level 3 of the Dungeon on May 29, 2017.
             The game lasted 00:15:26 (1067 turns).

GeneralBison the Insei (Demonspawn Monk)            Turns: 1067, Time: 00:15:27

Health: -4/29      AC:  3    Str: 11    XL:     3   Next: 62%
Magic:  3/3        EV: 14    Int: 11    God:
Gold:   50         SH:  0    Dex: 16    Spells: 2/2 levels left

rFire    . . .     SeeInvis .     - Unarmed
rCold    . . .     Gourm    .   (no shield)
rNeg     . . .     Faith    .   a - +1 robe
rPois    .         Spirit   .   (helmet restricted)
rElec    .         Reflect  .   (no cloak)
rCorr    .         Harm     .   (no gloves)
MR       .....                  (no boots)
Stlth    ++........             (no amulet)
Regen    0.1/turn               (no ring)
MPRegen  0.1/turn               (no ring)

@: no status effects
A: horns 1, spiny 1
a: no special abilities


You were on level 3 of the Dungeon.
You were hungry.

You visited 1 branch of the dungeon, and saw 3 of its levels.

You collected 50 gold pieces.

Inventory:

Hand Weapons
 d - a +0 short sword
 e - a +0 club
 l - a +0 hand axe
 p - a +0 spear
 u - a +0 short sword
 v - a +0 club
Missiles
 k - 37 stones (quivered)
 n - 60 bolts
Armour
 a - a +1 robe (worn)
 f - a +0 robe
 g - a +0 leather armour
 r - a +0 ring mail
 x - a +0 chain mail
Scrolls
 m - a scroll of fog
 w - a scroll of remove curse
Potions
 h - 2 potions of heal wounds
 i - a potion of brilliance {unknown}
 j - a potion of ambrosia {unknown}
 o - a potion of cancellation {unknown}
 q - a potion of resistance {unknown}
 t - a potion of haste {unknown}
Comestibles
 b - a bread ration
 c - 7 fruits
 s - 2 chunks of flesh


   Skills:
 + Level 3.3 Fighting
 + Level 0.5 Throwing
 + Level 3.2 Dodging
 + Level 1.7 Stealth
 + Level 3.4 Unarmed Combat


You had 2 spell levels left.
You didn't know any spells.

Dungeon Overview and Level Annotations

Branches:
Dungeon (3/15)

Altars:
Cheibriados
Nemelex Xobeh


Innate Abilities, Weirdness & Mutations

You have a pair of small horns on your head.
You are partially covered in sharp spines.


Message History

Throwing (i - inventory):
k - 38 stones (quivered)
Press: ? - help, Shift-Dir - straight line, f/p - orc priest
Aim: an orc priest You throw a stone.
The stone hits the orc priest but does no damage.
You closely miss the orc priest.
You headbutt the orc priest, but do no damage.
The orc priest begins to cast a cantrip, but forgets the words!
The orc misses you.
The orc priest invokes the aid of Beogh against you.
Beogh smites you!
You see here a stone.
The orc barely misses you.
The orc priest calls down the wrath of Beogh upon you.
Beogh smites you!
* * * LOW HITPOINT WARNING * * *
You see here a stone.
You see here a stone.
The orc hits you with a morningstar!
You die...

#.# #.# #.# #.#
###### .
#.####....###...
#.#...........!.
#.o....((.# #
#.o.##+##(.# #.
#@.## #(.# #.##..#
.... ###.....#
..## ........# ..#
##......## ...#
#.####..#####...##
... #........#
#######.......#
.........#.####


You could see an orc priest and an orc.

Vanquished Creatures
  An adder (D:2)
  An ooze (D:2)
  A dart slug (D:2)
  2 leopard geckos
  An orc (D:3)
  3 bats
  A giant cockroach (D:2)
  2 hobgoblins
  10 jackals
  3 frilled lizards (D:1)
  A kobold (D:1)
  6 rats
32 creatures vanquished.

Notes
Turn   | Place    | Note
-------+----------+-------------------------------------------
     0 | D:1      | GeneralBison the Demonspawn Monk began the quest for the Orb.
     0 | D:1      | Reached XP level 1. HP: 18/18 MP: 1/1
   130 | D:2      | Upgraded the game from 0.20.0-4-g10b340a to 0.20.0-7-g3b7b877
   166 | D:2      | Gained mutation: You have a pair of small horns on your head. [demonic ancestry]
   166 | D:2      | Reached XP level 2. HP: 15/24 MP: 2/2
   286 | D:2      | Found a sparkling altar of Nemelex Xobeh.
   436 | D:1      | Found a snail-covered altar of Cheibriados.
   633 | D:1      | Gained mutation: You are partially covered in sharp spines. [demonic ancestry]
   633 | D:1      | Reached XP level 3. HP: 28/29 MP: 3/3
  1067 | D:3      | Slain by an orc

Skill      XL: |  1  2 |
---------------+-------+-----
Unarmed Combat | 3 |  3.4
Dodging        | 3 |  3.2
Fighting       | |  3.3
Throwing       | |  0.5
Stealth        | |  1.7

Action                   || total
-------------------------++-------
Melee: Unarmed           ||   142
       Punch             ||     2
       Headbutt          ||    14
Throw: Stone             ||    33
  Use: Potion            ||     3
       Scroll            ||     5
 Stab: Sleeping          ||     1
Armor: Robe              ||    36
Dodge: Dodged            ||   133
